 Dungeon Crawl Stone Soup version 0.28.0-53-g5a82cb258f (webtiles) character file.

Game seed: 3126840190888677250

87 moldycheese5 the Skirmisher (level 4, -1/36 HPs)
             Began as a Demonspawn Abyssal Knight on June 17, 2022.
             Was a Believer of Lugonu.
             Slain by an orc wizard
             ... wielding a +0 dagger
              (2 damage)
             ... on level 3 of the Dungeon.
             The game lasted 00:02:37 (2235 turns).

moldycheese5 the Skirmisher (DsAK)                  Turns: 2235, Time: 00:02:38

Health: -1/36      AC: 11    Str: 15    XL:     4   Next: 28%
Magic:  5/5        EV:  4    Int: 11    God:    Lugonu [**....]
Gold:   87         SH:  0    Dex: 14    Spells: 3/3 levels left

rFire   . . .      SeeInvis .   a - +1 falchion
rCold   . . .      Faith    .   (no shield)
rNeg    . . .      Spirit   .   h - +0 plate armour
rPois   .          Reflect  .   (no helmet)
rElec   .          Harm     .   (no cloak)
rCorr   .          Rampage  .   (no gloves)
Will    .....                   (no boots)
Stlth   ..........              (no amulet)
HPRegen 0.12/turn               (no ring)
MPRegen 0.09/turn               (no ring)

@: no status effects
A: weakness stinger 2
a: Renounce Religion, Depart the Abyss, Bend Space


You were on level 3 of the Dungeon.
You worshipped Lugonu.
Lugonu was pleased with you.
You visited 1 branch of the dungeon, and saw 3 of its levels.
You visited the Abyss 1 time.

You collected 87 gold pieces.

Inventory:

Hand Weapons
 a - a +1 falchion (weapon)
Armour
 b - a +0 leather armour
 e - a +0 ring mail
 h - a +0 plate armour (worn)
Scrolls
 c - a scroll of teleportation {unknown}
 d - 2 scrolls of identify {unknown}
 f - a scroll of magic mapping {unknown}
 g - a scroll of immolation {unknown}
 i - a scroll of fog {unknown}
 j - a scroll of enchant weapon {unknown}
Potions
 k - a potion of mutation {unknown}


   Skills:
 + Level 3.6 Fighting
 + Level 3.0 Long Blades
 + Level 2.3 Armour
 + Level 1.5 Dodging
 + Level 0.1 Stealth
 + Level 2.6 Invocations


You had 3 spell levels left.
You didn't know any spells.
Your spell library contained the following spells:

 Spells                   Type           Power      Damage    Failure   Level
 Chain Lightning          Conj/Air       0%         N/A       100%        9
 Fire Storm               Conj/Fire      0%         5d1       100%        9
 Shatter                  Erth           0%         3d5*      100%        9


Dungeon Overview and Level Annotations

Branches:
Dungeon (3/15)

Altars:
Elyvilon


Innate Abilities, Weirdness & Mutations

You have a tail ending in a sharp stinger.


Message History

An orc comes into view. It is wielding a +0 hand axe.
You closely miss the orc priest.
The orc priest is moderately wounded.
The orc shouts!
Something hits you but does no damage.
You hit the orc priest.
The orc priest is heavily wounded.
The orc priest invokes the aid of Beogh against you.
Pain shoots through your body!
* * * LOW HITPOINT WARNING * * *
Something hits you but does no damage.
You barely miss the orc priest.
The orc priest is heavily wounded.
The orc priest hits you with a +0 mace.
* * * LOW HITPOINT WARNING * * *
You hear some strange, mumbled words.
A puff of flame appears from out of thin air!
The puff of flame hits you.
* * * LOW HITPOINT WARNING * * *
You hit the orc priest.
The orc priest is severely wounded.
Something hits you but does no damage.
The orc priest hits you but does no damage.
You hear some strange, mumbled words.
Something tries to affect you, but you resist.
You closely miss the orc priest.
The orc priest is severely wounded.
A quokka comes into view.
The orc priest barely misses you. Something hits you.
* * * LOW HITPOINT WARNING * * *
You barely miss the orc priest.
Your tail-slap misses the orc priest.
The orc priest is severely wounded.
The orc priest hits you but does no damage.
Something hits you.
* * * LOW HITPOINT WARNING * * *
You barely miss the orc priest.
The orc priest is severely wounded.
The orc priest looks encouraged for a moment.
Something hits you.
You die...

###..###.###.#
####..##.†##.#
#.....†....#.#
#.#.#')#.#.#.#
#...#..#.....#
#.########...#
#.+ +.#.# #.+
+.#.# #@#
#.#.# #{oo#
..#.# #o#.#
#.#.. .g..r.
..### ##r ##.
.# # .. #.


You could see an orc priest, 2 orcs, a quokka, a hobgoblin and a rat.

Vanquished Creatures
  3 adders
  2 worms (D:2)
  A dart slug (D:3)
  2 orcs (D:3)
  6 bats
  2 endoplasms
  A giant cockroach (D:3)
  5 goblins
  6 hobgoblins
  2 jackals (D:1)
  4 kobolds
  4 quokkas
  6 ball pythons
  3 frilled lizards
  3 rats
50 creatures vanquished.

Notes
Turn   | Place    | Note
-------+----------+-------------------------------------------
     0 | Abyss:1  | moldycheese5 the Demonspawn Abyssal Knight began the quest
                  | for the Orb.
     0 | Abyss:1  | Reached XP level 1. HP: 18/18 MP: 2/2
     0 | D:1      | Escaped the Abyss
    58 | D:1      | Found a faded altar of an unknown god.
   136 | D:1      | Discovered your monstrous ancestry.
   136 | D:1      | Gained mutation: You have a small tail. [demonic ancestry]
   136 | D:1      | Reached XP level 2. HP: 24/24 MP: 3/3
   172 | D:1      | Reached * piety under Lugonu
  1230 | D:2      | Gained mutation: You have a tail ending in a sharp stinger.
                  | [demonic ancestry]
  1230 | D:2      | Reached XP level 3. HP: 15/29 MP: 4/4
  1505 | D:2      | Reached skill level 1 in Dodging
  2080 | D:3      | Reached XP level 4. HP: 34/35 MP: 5/5
  2177 | D:3      | Reached ** piety under Lugonu
  2234 | D:3      | HP: 1/36 [something (2)]
  2235 | D:3      | Slain by an orc wizard

Illustrated notes

Levels and vault maps discovered:
D:1:      dpeg_arrival_simpleton_b, layout_loops_corners,
          hellmonk_ecumenical_altar_run_dry, minmay_shallow_snake_nest
D:2:      layout_loops_cross, basic_altar
D:3:      layout_loops_ring, minmay_mini_jars

Skill      XL: |  1  2  3  4 |
---------------+-------------+-----
Long Blades    | 2 3 |  3.0
Dodging        | 1 |  1.5
Armour         | 2 |  2.3
Fighting       | |  3.6
Stealth        | |  0.1
Invocations    | |  2.6

Action                   |  1- 3 |  4- 6 || total
-------------------------+-------+-------++-------
Melee: Falchion          |   129 |    38 ||   167
       Tailslap          |    14 |     1 ||    15
       Punch             |     2 |     1 ||     3
Invok: Depart the Abyss  |     1 |       ||     1
Armor: Leather armour    |    11 |       ||    11
       Ring mail         |    27 |       ||    27
       Plate armour      |    41 |    37 ||    78
Dodge: Dodged            |    66 |    10 ||    76
